 Dungeon Crawl Stone Soup version 0.17-a0-1909-g0b14330 (webtiles) character file.

341 DecibelRebel the Conjurer (level 6, 0/32 HPs)
             Began as a Deep Elf Conjurer on Sept 25, 2015.
             Was an Initiate of Vehumet.
             Succumbed to poison (a potion of poison)
             ... on level 4 of the Dungeon.
             The game lasted 00:17:58 (3031 turns).

DecibelRebel the Conjurer (Deep Elf Conjurer)       Turns: 3031, Time: 00:17:58

Health: 0/32       AC:  9    Str:  6    XL:     6   Next: 30%
Magic:  6/15       EV: 13    Int: 21    God:    Vehumet [......]
Gold:   197        SH:  0    Dex: 14    Spells: 5 memorised, 0 levels left

rFire  . . .     SeeInvis .     j - +2 mace (protect)
rCold  . . .     Clarity  .     a - +0 robe
rNeg   + . .     SustAt   .     (no shield)
rPois  .         Gourm    .     (no helmet)
rElec  .         Spirit   .     x - +0 cloak
rCorr  .         Warding  +     g - +0 pair of gloves
rMut   .         Stasis   .     (no boots)
MR     .....                    r - amulet of warding
Stlth  ++........               q - +3 ring of dexterity
                                i - -4 ring of dexterity (curse)

@: lethally poisoned (0 -> -47), very slightly contaminated, hasted, very quick,
not resistant to hostile enchantments, unstealthy
A: no striking features
a: Renounce Religion


You were on level 4 of the Dungeon.
You worshipped Vehumet.
Vehumet was noncommittal.
You were hungry.

You visited 2 branches of the dungeon, and saw 5 of its levels.

You collected 197 gold pieces.

Inventory:

Hand weapons
 j - a +2 mace of protection (weapon)
 m - a +2 mace of holy wrath
 u - a +0 quarterstaff
Armour
 a - a +0 robe (worn)
 g - a +0 pair of gloves (worn)
 x - a +0 cloak (worn)
Jewellery
 i - a cursed -4 ring of dexterity (left hand)
 q - a +3 ring of dexterity (right hand)
 r - an amulet of warding (around neck)
Scrolls
 e - 2 scrolls of immolation {unknown}
 f - 3 scrolls of remove curse {unknown}
 o - a scroll of recharging {unknown}
 s - a scroll of fog {unknown}
 t - a scroll of enchant armour {unknown}
 w - 2 scrolls of teleportation {unknown}
 y - a scroll of blinking {unknown}
Potions
 l - a potion of invisibility {unknown}
 p - a potion of brilliance {unknown}
Books
 b - a book of Conjurations

   Spells                             Type                      Level
   a - Magic Dart                     Conjuration                  1
   b - Searing Ray                    Conjuration                  2
   c - Dazzling Spray                 Conjuration/Hexes            3
   d - Fulminant Prism                Conjuration/Hexes            4
   e - Iskenderun's Mystic Blast      Conjuration                  4
   f - Iskenderun's Battlesphere      Conjuration/Charms           5
Comestibles
 c - 3 bread rations
 h - 2 meat rations
 n - a slice of pizza
 v - 2 chunks of flesh


   Skills:
 - Level 2.4 Dodging
 - Level 2.4 Stealth
 - Level 5.0 Spellcasting
 * Level 7.5 Conjurations
 + Level 1.3 Charms


You couldn't memorise any spells.
You knew the following spells:

 Your Spells              Type           Power        Failure   Level  Hunger
a - Magic Dart            Conj           ####         1%          1    None
b - Searing Ray           Conj           #####.       1%          2    None
c - Dazzling Spray        Conj/Hex       ###.....     10%         3    ##.....
d - Iskenderun's Mystic   Conj           #####...     6%          4    ####...
e - Iskenderun's Battles  Conj/Chrm      ###.....     54%         5    #####..


Dungeon Overview and Level Annotations

Branches:
Dungeon (4/15)             Temple (1/1) D:4

Altars:
Dithmenos
Makhleb
Okawaru
Qazlal
Sif Muna
Vehumet
The Shining One

Annotations:
D:4 Banto's ghost, experienced OgHu


Message History

You feel sick.
Banto's ghost hits you but does no damage.
You feel sick.
Drink which item? (? for menu, Esc to quit)
You feel yourself speed up.
You feel sick. Banto's ghost hits you.
* * * LOW HITPOINT WARNING * * *
You are more poisoned.
You are very lightly contaminated with residual magic.
* * * LOW HITPOINT WARNING * * *
You feel sick.
* * * LOW HITPOINT WARNING * * *
You feel sick.
* * * LOW HITPOINT WARNING * * *
You feel sick.
* * * LOW HITPOINT WARNING * * *
You feel sick.
Drink which item? (? for menu, Esc to quit)
It was a potion of poison.
That liquid tasted very nasty...
You are more poisoned.
You die...

..............#..#..##.........#.
.................##..#.......>.#.
...................##...(##....#.
...........#<......##.....#.....#
.......#...........#...#........#
.......#.#.........#......#......
.........##..............).......
..........#......................
#...............@.W..............
#................................
#................................
##...................#...........
#......>..<........###..........
##.......#.........# #..........
##........#......................
.#........#......................
...................... ..........


You could see Banto's ghost.

Vanquished Creatures
  Blork the orc (D:3)
  2 hounds (D:4)
  Terence (D:2)
  3 worker ants (D:4)
  6 adders
  3 worms
  4 giant geckos
  2 orcs (D:4)
  6 bats
  2 giant cockroaches
  7 goblins
  8 hobgoblins
  4 giant newts
  4 jackals (D:2)
  3 kobolds
  2 quokkas
  8 rats
66 creatures vanquished.

Notes
Turn   | Place    | Note
--------------------------------------------------------------
     0 | D:1      | DecibelRebel the Deep Elf Conjurer began the quest for the Orb.
     0 | D:1      | Reached XP level 1. HP: 10/10 MP: 6/6
   117 | D:1      | Reached XP level 2. HP: 15/15 MP: 6/8
   121 | D:1      | Reached skill level 5 in Conjurations
   125 | D:1      | Learned a level 2 spell: Searing Ray
   573 | D:1      | Reached XP level 3. HP: 19/19 MP: 7/9
   757 | D:2      | Learned a level 3 spell: Dazzling Spray
   912 | D:2      | Noticed Terence
   916 | D:2      | Killed Terence
   916 | D:2      | Reached XP level 4. HP: 24/24 MP: 4/11
   988 | D:2      | Learned a level 4 spell: Iskenderun's Mystic Blast
  1048 | D:2      | Reached skill level 6 in Conjurations
  1978 | D:3      | Noticed Blork the orc
  1988 | D:3      | Killed Blork the orc
  1988 | D:3      | Reached XP level 5. HP: 22/28 MP: 4/13
  2056 | D:3      | Found a deep blue altar of Sif Muna.
  2386 | D:4      | Found a burning altar of Makhleb.
  2417 | D:4      | Reached skill level 7 in Conjurations
  2618 | D:4      | Found a staircase to the Ecumenical Temple.
  2628 | Temple   | Entered the Ecumenical Temple
  2639 | Temple   | Became a worshipper of Vehumet
  2673 | D:4      | Reached skill level 5 in Spellcasting
  2673 | D:4      | Reached XP level 6. HP: 32/32 MP: 7/15
  2680 | D:4      | Learned a level 5 spell: Iskenderun's Battlesphere
  2919 | D:4      | Reached skill level 1 in Charms
  2998 | D:4      | Noticed Banto's ghost (experienced OgHu)
  3031 | D:4      | Succumbed to poison (a potion of poison)

Vault maps used:
D:1:      elethiomel_arrival_shortcut, st_stairs_12
D:2:      uniq_terence
D:3:      kennysheep_six_static_rooms, tgw_sif, patterned_corridor, uniq_sigmund
D:4:      lemuel_crystal_altar, minmay_temple_entry_overgrown
Temple:   water_room_temple_b_12

Action                   |  1- 3 |  4- 6 || total
-------------------------+-------+-------++-------
Melee: Mace              |       |    10 ||    10
 Cast: Magic Dart        |    63 |    78 ||   141
       Searing Ray       |     3 |     6 ||     9
  Use: Potion            |       |     4 ||     4
  Eat: Chunk             |       |     6 ||     6
